 Dungeon Crawl Stone Soup version 0.32-a0-871-ge202e49faa (webtiles) character file.

Game seed: 6436422277803121348

1521788 ragingrage the Plane Walker (level 27, 226/226 HPs)
             Began as a Human Warper on Mar 29, 2024.
             Was an Initiate of Gozag.
             Escaped with the Orb
             ... and 3 runes!
             The game lasted 02:51:25 (88005 turns).

ragingrage the Plane Walker (Human Warper)         Turns: 88005, Time: 02:51:25

Health: 226/226    AC: 25    Str: 14 (15) XL:     27
Magic:  30/30      EV: 37    Int: 28      God:    Gozag
Gold:   16774      SH: 19    Dex: 35      Spells: 4/36 levels left

rFire   + + .        b - +11 Singing Sword {sonic wave}
rCold   . . .        u - +1 kite shield {rC+ rF+}
rNeg    + . .        s - +2 steam dragon scales of Impressiveness {Fly rC- Regen+ Int+8}
rPois   +            H - +0 helmet of Duck's Teeth {rElec Dex+4}
rElec   +            j - +4 dragonskin cloak {Aegis}
rCorr   .            I - +2 pair of gloves of Vehumet's Condemnation {Str+3}
SInv    +            G - +2 pair of boots {rampage}
Will    ++...        c - amulet of Xom's Passing Interest {Regen+ Slay+5}
Stlth   +            A - ring of poison resistance
HPRegen 2.17/turn    x - ring "Minipp" {rF+ rN+ Int+3 Dex+6 SInv}
MPRegen 0.22/turn

%: rampage
@: flying
A: explore regen, claws 1, clever 1, deterioration 1, sturdy frame 1
0: Orb of Zot
}: 3/15 runes: barnacled, silver, gossamer
a: Renounce Religion, Potion Petition, Call Merchant, Bribe Branch


You escaped.
You worshipped Gozag.
Gozag was extremely pleased with you.
You visited 10 branches of the dungeon, and saw 48 of its levels.
You visited the Abyss 2 times.
You visited 1 bazaar.

You collected 29441 gold pieces.
You spent 4989 gold pieces at shops.
You paid 7678 gold pieces to Gozag.

Inventory:

Hand Weapons
 a - a +9 eudemon blade of holy wrath
 b - the +11 Singing Sword (weapon) {sonic wave}
   (You found it on level 7 of the Dungeon)
 E - the +2 sling of Superiority {heavy, +Blink Str+4}
   (You found it on level 2 of the Realm of Zot)

   Str+4:     It affects your strength (+4).
   +Blink:    It lets you blink.
Missiles
 g - 8 curare-tipped darts
 t - a throwing net
Armour
 j - the +4 dragonskin cloak (worn) {Aegis}
   (You took it off Tiamat on level 5 of the Realm of Zot)

   Avatar's Aegis: It grants the wearer a chance to resist fire, cold, poison,
   electricity, acid, and negative energy.
 s - the +2 steam dragon scales of Impressiveness (worn) {Fly rC- Regen+ Int+8}
   (You took it off a deep elf zephyrmancer on level 2 of the Elven Halls)

   Int+8:     It affects your intelligence (+8).
   rC-:       It makes you vulnerable to cold.
   Fly:       It grants you flight.
   Regen+:    It increases your rate of health regeneration.
 u - a +1 kite shield of resistance (worn)
 G - a +2 pair of boots of rampaging (worn)
 H - the +0 helmet of Duck's Teeth (worn) {rElec Dex+4}
   (You found it on level 1 of the Vaults)

   Dex+4:     It affects your dexterity (+4).
   rElec:     It insulates you from electricity.
 I - the +2 pair of gloves of Vehumet's Condemnation (worn) {Str+3}
   (You acquired it on level 5 of the Lair of Beasts)

   Str+3:     It affects your strength (+3).
Jewellery
 c - the amulet of Xom's Passing Interest (around neck) {Regen+ Slay+5}
   (You bought it in a shop in a bazaar)

   [amulet of regeneration]

   Slay+5:    It affects your accuracy & damage with ranged weapons and melee
   (+5).
   Regen+:    It increases your rate of health regeneration.
 l - the ring of Dukofiwe {Int+3 Dex+6 Stlth+}
   (You took it off Mara on level 4 of the Shoals)

   [ring of dexterity]

   Int+3:     It affects your intelligence (+3).
   Dex+6:     It affects your dexterity (+6).
   Stlth+:    It makes you more stealthy.
 m - a ring of willpower
 x - the ring "Minipp" (right hand) {rF+ rN+ Int+3 Dex+6 SInv}
   (You found it on level 3 of the Elven Halls)

   [ring of dexterity]

   Int+3:     It affects your intelligence (+3).
   Dex+6:     It affects your dexterity (+6).
   rF+:       It protects you from fire.
   rN+:       It protects you from negative energy.
   SInv:      It lets you see invisible.
 A - a ring of poison resistance (left hand)
 O - a ring of protection from cold
Wands
 y - a wand of digging (11)
 L - a wand of light (13)
 S - a wand of paralysis (53)
 X - a wand of mindburst (59)
 Z - a wand of roots (10)
Scrolls
 o - 3 scrolls of blinking
 p - a scroll of acquirement
 q - 9 scrolls of immolation
 w - 8 scrolls of poison
 z - 11 scrolls of fog
 B - 9 scrolls of teleportation
 C - 8 scrolls of enchant armour
 F - 4 scrolls of revelation
 J - 9 scrolls of fear
 K - a scroll of summoning
 P - 7 scrolls of noise
Potions
 d - 2 potions of berserk rage
 e - 17 potions of curing
 f - 3 potions of invisibility
 h - 13 potions of mutation
 i - 7 potions of heal wounds
 k - 6 potions of might
 r - 4 potions of magic
 v - 2 potions of resistance
 D - 15 potions of ambrosia
 M - 5 potions of attraction
 N - 4 potions of haste
 Q - 11 potions of lignification
 R - 9 potions of brilliance
 T - 6 potions of enlightenment
 Y - 4 potions of cancellation
Miscellaneous
 n - a phantom mirror
 U - a sack of spiders
 V - a lightning rod (4/4)
 W - a tin of tremorstones (2/2)


   Skills:
 + Level 20.5 Fighting
 - Level 8.2(12.7) Short Blades
 - Level 15.2(16.0) Long Blades
 - Level 6.0 Throwing
 - Level 15.8 Armour
 - Level 20.0 Dodging
 - Level 3.0 Stealth
 - Level 16.0 Shields
 - Level 5.0 Spellcasting
 - Level 8.0 Necromancy
 O Level 27 Translocations
 - Level 6.0 Air Magic
 + Level 18.6 Evocations


You had 4 spell levels left.
You knew the following spells:

 Your Spells              Type           Power      Damage    Failure   Level
a - Fugue of the Fallen   Necr           51%        N/A       1%          3
b - Maxwell's Portable P  Tloc           100%       2d(20-40) 0%          4
c - Vhi's Electric Charg  Tloc/Air       100%       N/A       1%          4
d - Blink                 Tloc           100%       N/A       0%          2
e - Manifold Assault      Tloc           51%        N/A       1%          7
f - Gell's Gavotte        Tloc           51%        2d(34-50) 1%          6
g - Dispersal             Tloc           51%        N/A       1%          6

Your spell library contained the following spells:

 Spells                   Type           Power      Damage    Failure   Level
 Apportation              Tloc           100%       N/A       0%          1
 Lesser Beckoning         Tloc           100%       N/A       0%          2
 Teleport Other           Tloc           100%       N/A       0%          3
 Passage of Golubria      Tloc           100%       N/A       0%          4
 Necrotise                Necr           100%       1d9       1%          1
 Sublimation of Blood     Necr           51%        N/A       1%          2
 Iskenderun's Mystic Bla  Conj/Tloc      70%        2d14      (+2d81%     4
 Cigotuvi's Dreadful Rot  Necr/Alch/Air  66%        N/A       2%          2
 Shock                    Conj/Air       92%        1d8       3%          1
 Swiftness                Air            40%        N/A       3%          3
 Mercury Vapours          Alch/Air       46%        N/A       4%          2
 Airstrike                Air            20%        2d(3-19)  10%         4
 Foxfire                  Conj/Fire      28%        2x1d5     12%         1
 Freeze                   Ice            28%        1d5       12%         1
 Magic Dart               Conj           28%        1d4       12%         1
 Sting                    Conj/Alch      28%        1d4       12%         1
 Summon Small Mammal      Summ           28%        N/A       12%         1
 Mephitic Cloud           Conj/Alch/Air  18%        N/A       16%         3
 Call Imp                 Summ           14%        N/A       17%         2
 Ensorcelled Hibernation  Hex/Ice        14%        N/A       17%         2
 Scorch                   Fire           14%        2d5       17%         2
 Call Canine Familiar     Summ           7%         N/A       34%         3
 Dazzling Flash           Conj/Hex       14%        N/A       34%         3
 Frozen Ramparts          Ice            14%        1d3       34%         3
 Hailstorm                Conj/Ice       7%         3d5       34%         3
 Ozocubu's Armour         Ice            7%         N/A       34%         3
 Passwall                 Erth           7%         N/A       34%         3
 Stone Arrow              Conj/Erth      14%        3d7       34%         3
 Summon Ice Beast         Ice/Summ       7%         N/A       34%         3
 Tukima's Dance           Hex            7%         N/A       34%         3
 Animate Armour           Summ/Erth      14%        N/A       75%         4
 Flame Wave               Conj/Fire      7%         2d5       75%         4
 Ignite Poison            Fire/Alch      7%         N/A       75%         4
 Petrify                  Alch/Erth      7%         N/A       75%         4
 Sticky Flame             Fire/Alch      7%         2d4       75%         4
 Summon Blazeheart Golem  Fire/Summ      7%         N/A       75%         4
 Summon Forest            Summ/Tloc      35%        N/A       1%          5
 Borgnjor's Vile Clutch   Necr/Erth      14%        N/A       52%         5
 Arcjolt                  Conj/Air       11%        1d21      67%         5
 Freezing Cloud           Conj/Ice/Air   9%         6-21      80%         5
 Alistair's Intoxication  Alch           4%         N/A       97%         5
 Irradiate                Conj/Alch      3%         3d12      97%         5
 Summon Mana Viper        Hex/Summ       7%         N/A       97%         5
 Yara's Violent Unravell  Hex/Alch       3%         3d4       97%         5
 Conjure Ball Lightning   Conj/Air       11%        3x3d6     99%         6
 Plasma Beam              Fire/Air       11%        2x1d22    99%         6
 Eringya's Noxious Bog    Alch           3%         4d6       100%        6
 Permafrost Eruption      Ice/Erth       3%         2x4d2     100%        6
 Sculpt Simulacrum        Ice/Alch       3%         N/A       100%        6
 Starburst                Conj/Fire      3%         6d3       100%        6
 Summon Cactus Giant      Summ           3%         N/A       100%        6
 Orb of Destruction       Conj           3%         9d5       100%        7
 Spellforged Servitor     Conj/Summ      3%         N/A       100%        7
 Lehudib's Crystal Spear  Conj/Erth      3%         10d3      100%        8
 Maxwell's Capacitive Co  Air            20%        ∞         100%        8
 Chain Lightning          Conj/Air       11%        3d15      100%        9
 Fire Storm               Conj/Fire      3%         8d1       100%        9
 Shatter                  Erth           3%         3d7*      100%        9


Dungeon Overview and Level Annotations

Branches:
Dungeon (15/15)            Temple (0/1) D:6            Lair (5/5) D:9
 Shoals (4/4) Lair:2       Spider (4/4) Lair:2        Slime (0/5) Lair:4
    Orc (2/2) D:12            Elf (3/3) Orc:2        Vaults (5/5) D:13
  Crypt (0/3) Vaults:3     Depths (4/4) D:15           Hell (visited)
    Zot (5/5) Depths:4
    Dis: Hell:1         Geh: Hell:1         Coc: Hell:1         Tar: Hell:1

Altars:
Ashenzari
Dithmenos
Gozag
Hepliaklqana
Qazlal
Sif Muna
Trog
Vehumet
Wu Jian
Xom
Yredelemnul
Zin
The Shining One
Jiyva
Lugonu

Shops:
Orc:2 :[?=[   Elf:1 ?   Elf:2 !   Elf:3 :   Shoals:2 (   Vaults:1 [
Depths:3 ::=

Portals:
Hell: Depths:1 Depths:2 Depths:3 Depths:4
Abyss: D:6 Depths:1 Depths:2 Depths:3
Pandemonium: Depths:2 Depths:4
Ziggurat: Depths:1

Annotations:
Shoals:3 3 runed translucent doors, Xaxul's ghost, journeyman FeEE
Spider:2 2 transporters, exclusion: orange crystal statue, Fowoyxt's ghost, adept TrFi; HilariousDeathArtist's ghost, adept DsBr
Elf:3 1 exclusion
Vaults:2 3 runed translucent doors, Feshunla's ghost, adept KoEn; Qeunemit's ghost, adept GrFi; Xedevy's ghost, adept KoEn
Depths:4 exclusion: 3 draconian stormcallers
Hell Geryon
Zot:4 4 transporters
Zot:5 1 exclusion


Innate Abilities, Weirdness & Mutations

You regain HP and MP as you explore.
You have sharp fingernails.
Your mind is acute. (Int +4, Str/Dex -1)
Your body sometimes deteriorates upon taking damage.
Your movements are slightly less encumbered by armour. (ER -2)


Message History

You slice the Orb Guardian like a ripe choko!!!
You block the Orb Guardian's attack.
You slice the Orb Guardian!! The Orb Guardian hits you.
You slice the Orb Guardian!!
You kill the Orb Guardian!
No target in view!
You now have 16766 gold pieces (gained 22).
(D) Dungeon (T) Temple (L) Lair (A) Shoals (N) Spider Nest (M) Slime Pits (O) Orcish Mines (E) Elven Halls (V) Vaults (C) Crypt (U) Depths (H) Hell (Z) Zot
Where to? (Tab/Enter - D:1 @ (x,y), ? - help)
There is a stone staircase leading up here.
You fly upwards.
There is a stone staircase leading down here.
A hellion comes into view.
The hellion gestures at you.
The sphere of damnation explodes!
The damnation engulfs you!! The hellion gestures at you.
The sphere of damnation explodes!
The damnation engulfs you!
You rampage towards the hellion!
You slice the hellion!! You block the hellion's attack.
You slice the hellion!!
You kill the hellion!
You now have 16774 gold pieces (gained 8).
No target in view!
There are no items here.
Unknown command.
(D) Dungeon (T) Temple (L) Lair (A) Shoals (N) Spider Nest (M) Slime Pits (O) Orcish Mines (E) Elven Halls (V) Vaults (C) Crypt (U) Depths (H) Hell (Z) Zot
Where to? (Tab/Enter - D:1 @ (x,y), ? - help)
Things that are here:
5 stones; a +0 dagger
There is a stone staircase leading up here.
You fly upwards.
There is a stone staircase leading down here.
There is a staircase leading out of the dungeon here.
You have escaped!

#.# #..>###.)# # #.######
###.#...#..#####
#.#....#####...#.#...)...
#.#.#####...##.#.#.####..
#...###.....##.#.#....+..
####........##.#.#..###..
##.........###.#..# #..
##.....♣...###.#..# ###
###...@.....##.#..#####
###.........##.#.......
#.##........##.#.######
#.##.....###...#.#
#.##...#####..)..#
#...#####.....####
##..####......#
#..#.....######
#.#..#####


There were no monsters in sight!

Vanquished Creatures
  5 dread liches
  5 ancient liches
  5 orbs of fire (Zot:5)
  Tiamat (Zot:5)
  Mara (Shoals:4)
  7 Killer Klowns
  Bai Suzhen (Vaults:4)
  Saint Roka (Vaults:3)
  2 pandemonium lords
  2 curse toes
  Nikola (Elf:2)
  3 golden dragons
  A caustic shrike (Depths:4)
  Norris (Vaults:1)
  4 doom hounds
  3 Tzitzimimeh
  4 bone dragons (Depths:3)
  An electric golem (Zot:5)
  2 Brimstone Fiends
  17 tentacled monstrosities
  6 titans
  29 Orb Guardians
  A walking divine tome (Depths:4)
  6 quicksilver dragons
  4 deep elf master archers (Elf:3)
  3 deep elf blademasters
  Polyphemus (Shoals:2)
  An Executioner (Depths:3)
  9 sphinxes
  Frances (D:13)
  10 death cobs
  11 shadow dragons
  9 storm dragons
  7 protean progenitors
  2 fenstrider witches (shapeshifter) (Depths:2)
  6 draconian monks
  7 tengu reavers
  A daeva (Vaults:1)
  9 fire giants
  5 draconian shifters
  20 vault wardens
  Ilsuiw (Shoals:2)
  6 frost giants
  4 iron dragons
  7 draconian scorchers
  5 draconian knights
  An emperor scorpion (Spider:4)
  5 angels
  A ghost moth (shapeshifter) (Depths:2)
  11 deep elf sorcerers
  A deep elf elementalist (Elf:3)
  9 ghost moths
  A balrug (Depths:4)
  A cacodemon (Hell)
  11 draconian annihilators
  5 draconian stormcallers
  20 ironbound preservers
  12 ironbound thunderhulks
  17 stone giants
  2 broodmothers (Zot:3)
  A formless jellyfish (shapeshifter) (Depths:2)
  27 very ugly things
  8 reapers
  6 formless jellyfish
  2 putrid mouths (Depths:3)
  2 vampire knights (Depths:3)
  15 green draconians
  4 deep elf death magi
  8 black draconians
  11 red draconians
  13 war gargoyles
  5 deep elf demonologists
  15 yellow draconians
  5 deep elf annihilators (Elf:3)
  10 dire elephants
  15 purple draconians
  7 white draconians
  5 spark wasps
  17 ettins
  7 blizzard demons
  A crystal guardian (Vaults:4)
  4 merfolk javelineers
  Snorg (Orc:2)
  7 entropy weavers
  The ghost of Lysca the Pannier, a journeyman DsCj of Nemelex Xobeh (Lair:2)
  11 merfolk impalers
  5 fire dragons
  4 rakshasas
  Josephine (Orc:1)
  Erolcha (D:9)
  3 deep elf high priests
  12 hydras
  11 yaktaur captains
  Fannar (D:12)
  3 ogre magi
  7 great orbs of eyes
  A hell beast (Hell)
  2 radroaches
  9 ice dragons
  4 peacekeepers
  2 spriggan air magi
  33 vault guards
  8 ironbound frosthearts
  8 merfolk aquamancers
  10 boulder beetles
  An alligator snapping turtle (shapeshifter) (Depths:2)
  A death knight (D:15)
  3 catoblepae
  13 two-headed ogres
  An alligator snapping turtle (Shoals:4)
  5 merfolk avatars
  17 centaur warriors
  23 death yaks
  34 dancing weapons
  15 deep troll earth magi
  3 vampire magi
  A death yak (shapeshifter) (Depths:2)
  3 tengu warriors
  3 deep troll shamans
  21 deep elf knights
  12 demonic crawlers
  6 orc high priests
  2 spriggan berserkers (Depths:1)
  5 hell hogs
  15 sun demons
  Nergalle (Lair:3)
  6 soul eaters (Hell)
  11 hell knights
  2 occultists (Depths:3)
  7 skysharks
  6 iron trolls
  Lodul (D:13)
  20 sea snakes
  A sun moth (Spider:1)
  2 sixfirhies (Hell)
  A shadow demon (D:4)
  A sea snake (shapeshifter) (Depths:2)
  4 pharaoh ants
  A shadow dragon zombie (Vaults:5)
  9 glowing orange brains
  25 deep elf archers
  A deep troll (shapeshifter) (Vaults:5)
  An orb spider (shapeshifter) (Depths:1)
  10 orb spiders
  69 deep trolls
  14 lindwurms
  7 phantasmal warriors
  An anaconda skeleton (Hell)
  17 harpies
  7 arcanists
  5 steelbarb worms
  10 orc knights
  18 ironbound convokers
  A harpy (shapeshifter) (D:15)
  29 deep elf pyromancers
  3 obsidian bats
  32 deep elf zephyrmancers
  10 necromancers
  13 thermic dynamos
  3 large abominations (Depths:3)
  A fire giant zombie (Vaults:5)
  4 obsidian statues (Depths:2)
  33 ugly things
  A faun (shapeshifter) (Depths:2)
  11 fauns
  6 orc sorcerers
  A shining eye (shapeshifter) (Depths:2)
  23 wolf spiders
  A stone giant zombie (Vaults:5)
  24 moths of wrath
  12 manticores
  An iron dragon skeleton (Hell)
  3 cyclopes
  22 vault sentinels
  3 kobold blastminers
  8 rust devils (Hell)
  15 black mambas
  A titan simulacrum (Vaults:5)
  37 elephants
  6 merfolk sirens
  2 molten gargoyles (Depths:2)
  13 torpor snails
  9 water nymphs
  A black mamba (shapeshifter) (D:15)
  A smoke demon (D:6)
  An orange demon (Hell)
  A cane toad (shapeshifter) (Depths:2)
  An unseen horror (D:12)
  13 cane toads
  9 rime drakes
  2 hellions
  A freezing wraith (Hell)
  12 komodo dragons
  20 yaktaurs
  An efreet (D:13)
  3 tormentors
  A tengu conjurer (Depths:3)
  An ice devil (Hell)
  6 trolls
  A red devil (Hell)
  2 merfolk (shapeshifter) (Depths:2)
  A polar bear (Lair:2)
  A queen bee (Lair:1)
  32 merfolk
  23 tarantellas
  2 tyrant leeches (Zot:1)
  8 wind drakes
  6 hornets
  A hydra skeleton (Hell)
  2 dream sheep (shapeshifter)
  10 blink frogs
  10 snapping turtles
  2 glass eyes (Depths:4)
  8 dream sheep
  A jumping spider (shapeshifter) (Elf:1)
  A snapping turtle (shapeshifter) (Depths:2)
  20 water elementals
  35 jumping spiders
  18 culicivoras
  7 air elementals
  A culicivora (shapeshifter) (Vaults:5)
  40 slime creatures
  Sigmund (D:3)
  5 wraiths (Orc:1)
  4 vampires
  A ynoxinul (Depths:3)
  Eustachio (D:7)
  7 wyverns
  9 basilisks
  52 yaks
  7 fire elementals
  A shadow (D:13)
  48 redbacks
  A tarantella (shapeshifter) (Vaults:5)
  A steam dragon (Lair:3)
  4 wargs
  A redback (shapeshifter) (Depths:2)
  2 vampire mosquitoes (D:13)
  2 chaos spawn (Zot:2)
  A neqoxec (Depths:3)
  18 water moccasins
  3 acid dragons
  5 hell hounds (Depths:1)
  An ice beast (D:7)
  22 orc warriors
  A sky beast (D:8)
  A laughing skull (Abyss:3)
  13 ogres
  3 centaurs
  4 crocodiles (Zot:4)
  A small abomination (Abyss:3)
  16 wolves
  A phantom (D:4)
  5 kobold brigands
  13 bullfrogs
  2 gnoll sergeants
  7 earth elementals
  8 scorpions
  A human skeleton (Vaults:5)
  7 wights
  33 killer bees
  3 electric eels
  6 howler monkeys
  2 lava snakes (D:9)
  A quasit (Abyss:3)
  5 jellies
  19 orc priests
  5 hounds
  3 sleepcaps
  Crazy Yiuf (D:7)
  7 hell rats (Hell)
  6 iguanas
  Ijyb (D:3)
  23 orc wizards
  A statue (D:10)
  2 adders
  8 gnolls
  2 shadow imps
  A white imp (D:6)
  2 ufetubi (D:5)
  6 ribbon worms
  A dart slug (D:2)
  58 orcs
  7 endoplasms
  4 giant cockroaches
  11 goblins
  6 hobgoblins
  7 jackals
  20 kobolds
  4 quokkas
  6 ball pythons
  4 bats
  A frilled lizard (D:7)
  5 rats
  An aspiring flesh (Zot:3)
2296 creatures vanquished.

Vanquished Creatures (collateral kills)
  An emperor scorpion (Spider:2)
  A draconian annihilator (Depths:4)
  A black draconian (Depths:4)
  2 dire elephants (Vaults:1)
  A merfolk javelineer (Depths:4)
  A yaktaur captain (Vaults:3)
  A deep elf knight (Elf:2)
  A vampire mage (Depths:4)
  A deep elf pyromancer (Elf:2)
  2 orc knights (Vaults:3)
  A wolf spider (Spider:2)
  A moth of wrath (Spider:2)
  A culicivora (Spider:2)
  3 redbacks (Spider:2)
18 creatures vanquished.

Vanquished Creatures (others)
  Mlioglotl (Shoals:2)
  A ghost moth (Zot:5)
  A dancing weapon (Elf:1)
  A deep elf pyromancer (Elf:1)
  A deep elf zephyrmancer (Elf:1)
  An air elemental (Depths:2)
  A water elemental (Elf:1)
  3 orc priests
10 creatures vanquished.

Grand Total: 2324 creatures vanquished

Notes
Turn   | Place    | Note
-------+----------+-------------------------------------------
     0 | D:1      | ragingrage the Human Warper began the quest for the Orb.
     0 | D:1      | Reached XP level 1. HP: 16/16 MP: 3/3
   112 | D:1      | Reached skill level 1 in Stealth
   112 | D:1      | Reached XP level 2. HP: 10/22 MP: 5/5
   902 | D:2      | Reached XP level 3. HP: 27/27 MP: 6/6
  1424 | D:2      | Learned a level 2 spell: Blink
  1926 | D:3      | Noticed Sigmund
  1957 | D:3      | Reached XP level 4. HP: 30/33 MP: 7/7
  2467 | D:3      | Found an opulent altar of Gozag.
  2473 | D:3      | Found a broken altar of Ashenzari.
  2477 | D:3      | Became a worshipper of Gozag Ym Sagoz the Greedy
  3374 | D:4      | Reached XP level 5. HP: 38/38 MP: 8/8
  3702 | D:4      | Noticed a phantom
  3710 | D:4      | Gained mutation: You are covered in fur. (AC +1) [potion of
                  | mutation]
  3710 | D:4      | Gained mutation: You are dopey. (Int -2) [potion of
                  | mutation]
  3710 | D:4      | Gained mutation: Your spells are a little harder to cast,
                  | but a little more powerful. [potion of mutation]
  3723 | D:4      | Killed a phantom
  3724 | D:4      | Reached skill level 5 in Long Blades
  3832 | D:4      | Found the +18 Lear's hauberk
  4308 | D:5      | Entered Level 5 of the Dungeon
  4738 | D:5      | Reached XP level 6. HP: 40/44 MP: 9/9
  5049 | D:5      | Reached XP level 7. HP: 44/50 MP: 10/10
  5391 | D:6      | Found a large runed translucent door.
  5391 | D:6      | Found a large runed translucent door.
  5418 | D:6      | Reached skill level 5 in Short Blades
  5483 | D:6      | Reached XP level 8. HP: 33/50 MP: 11/11
  5688 | D:6      | Found a staircase to the Ecumenical Temple.
  5894 | D:6      | Found a corrupted altar of Lugonu.
  6075 | D:7      | Found the +11 Singing Sword {sonic wave}
  6349 | D:7      | Noticed Eustachio
  6444 | D:7      | Killed Eustachio
  6655 | D:7      | Reached XP level 9. HP: 54/61 MP: 12/12
  6718 | D:7      | Found a shadowy altar of Dithmenos.
  7016 | D:7      | Found a runed translucent door.
  7017 | D:7      | Noticed Crazy Yiuf
  7775 | D:8      | Reached skill level 1 in Evocations
  8718 | D:9      | Noticed Erolcha
  8879 | D:9      | Reached XP level 10. HP: 71/71 MP: 13/13
  8930 | D:9      | Found a staircase to the Lair.
  8999 | D:9      | Reached skill level 5 in Dodging
  9308 | D:9      | Reached skill level 10 in Long Blades
  9389 | D:10     | Entered Level 10 of the Dungeon
  9649 | D:10     | Found a basalt altar of Yredelemnul.
  9714 | D:10     | Found a stormy altar of Qazlal.
  9714 | D:10     | Found a shimmering altar of Xom.
  9715 | D:10     | Found an ornate altar of the Wu Jian Council.
  9715 | D:10     | Found a hazy altar of Hepliaklqana.
 10178 | D:10     | Found a radiant altar of Vehumet.
 10544 | D:11     | Reached XP level 11. HP: 77/78 MP: 14/14
 10569 | D:11     | Noticed a two-headed ogre
 10572 | D:11     | Noticed a two-headed ogre
 10620 | D:10     | Reached skill level 5 in Fighting
 10672 | D:11     | Noticed a two-headed ogre
 10689 | D:11     | Killed a two-headed ogre
 10850 | D:11     | Killed a two-headed ogre
 10851 | D:11     | Reached skill level 5 in Armour
 10988 | D:11     | Killed a two-headed ogre
 11154 | D:11     | You fall into a shaft and drop 3 floors!
 11208 | D:14     | Noticed an arcanist
 11222 | D:14     | Killed an arcanist
 11403 | D:13     | Noticed a two-headed ogre
 11416 | D:13     | Killed a two-headed ogre
 11421 | D:13     | Identified the +6 scale mail of Weightlessness {Int+3}
 11666 | D:13     | Noticed a yaktaur captain
 11854 | D:12     | Noticed a cyclops
 11881 | D:12     | Killed a cyclops
 11965 | D:12     | Noticed a two-headed ogre
 11985 | D:12     | Killed a two-headed ogre
 12061 | D:12     | Noticed Fannar
 12063 | D:12     | Noticed a two-headed ogre
 12089 | D:12     | Killed a two-headed ogre
 12090 | D:12     | Reached XP level 12. HP: 29/88 MP: 15/15
 12106 | D:12     | Killed Fannar
 12307 | D:12     | Found a staircase to the Orcish Mines.
 12429 | D:12     | Noticed a two-headed ogre
 12577 | Lair:1   | Entered Level 1 of the Lair of Beasts
 13378 | Lair:1   | Reached skill level 10 in Armour
 13702 | Lair:1   | Noticed a boulder beetle
 13711 | Lair:1   | Killed a boulder beetle
 15046 | Lair:2   | Reached skill level 4 in Translocations
 15086 | Lair:2   | Found a staircase to the Shoals.
 15200 | Lair:2   | Found a hole to the Spider Nest.
 15201 | Lair:2   | Noticed a demonic crawler
 15260 | Lair:2   | Reached XP level 13. HP: 47/96 MP: 16/16
 15312 | Lair:2   | Reached skill level 5 in Translocations
 15356 | Lair:2   | Identified the +6 spear "Rarphan" {flame, rPois rC+++ Str-4
                  | Int-2}
 15438 | Lair:2   | Reached skill level 5 in Evocations
 15492 | Lair:2   | Identified the orb "Lofad" {*channel, Will+ Int+3}
 15537 | Lair:3   | Noticed Nergalle
 15553 | Lair:3   | Killed Nergalle
 15780 | Lair:3   | Reached skill level 6 in Translocations
 16541 | Lair:3   | Reached skill level 10 in Fighting
 17380 | Lair:4   | Reached skill level 7 in Translocations
 17451 | Lair:4   | Reached XP level 14. HP: 103/110 MP: 17/17
 17677 | Lair:4   | Reached skill level 5 in Throwing
 17765 | Lair:4   | Found a viscous altar of Jiyva.
 17814 | Lair:4   | Found a staircase to the Slime Pits.
 18763 | Lair:5   | Entered Level 5 of the Lair of Beasts
 19729 | Lair:5   | Reached skill level 10 in Evocations
 20419 | Lair:5   | Reached XP level 15. HP: 42/117 MP: 18/18
 20622 | Lair:5   | Reached skill level 8 in Translocations
 21387 | Lair:5   | Identified a scroll of acquirement
 21760 | D:9      | Killed Erolcha
 21995 | D:9      | Found a runed translucent door.
 22109 | D:9      | Found a runed translucent gate.
 22109 | D:9      | Found a runed translucent gate.
 22109 | D:9      | Found a runed translucent gate.
 22109 | D:9      | Found a runed translucent gate.
 22109 | D:9      | Found a runed translucent gate.
 22110 | D:9      | Found a runed translucent gate.
 22213 | Orc:1    | Entered Level 1 of the Orcish Mines
 22313 | D:12     | Reached skill level 9 in Translocations
 22357 | Orc:1    | You fall into a shaft and drop 1 floor!
 22357 | Orc:2    | Entered Level 2 of the Orcish Mines
 22375 | Orc:2    | Found a staircase to the Elven Halls.
 22388 | Orc:1    | Noticed Josephine
 22394 | Orc:1    | Killed Josephine
 22560 | Orc:2    | Found Diloun's Vocational Training.
 22560 | Orc:2    | Noticed Snorg
 22588 | Orc:2    | Killed Snorg
 23226 | Orc:2    | Bought a manual of Evocations for 1120 gold pieces
 24011 | Orc:2    | Learned a level 4 spell: Maxwell's Portable Piledriver
 24966 | Orc:2    | Reached skill level 10 in Translocations
 25127 | Orc:2    | Reached skill level 1 in Shields
 25617 | Orc:2    | Found Lasag's Armour Shop.
 25617 | Orc:2    | Found Bakopsig's Antique Armour Emporium.
 25630 | Orc:2    | Found Piubb's Magic Scroll Emporium.
 25630 | Orc:2    | Found Xoxy's Jewellery Shop.
 25678 | Orc:2    | Bought a scroll of identify for 28 gold pieces
 25943 | D:13     | Noticed Lodul
 25995 | D:13     | Killed Lodul
 26205 | D:13     | Noticed Frances
 26229 | D:13     | Killed Frances
 26381 | D:13     | Reached XP level 16. HP: 112/129 MP: 19/19
 26504 | D:13     | Found a gate to the Vaults.
 26960 | D:14     | Found a shimmering blue altar of Sif Muna.
 27136 | D:14     | Found a bloodstained altar of Trog.
 27350 | D:15     | Entered Level 15 of the Dungeon
 27388 | D:15     | Noticed a tengu reaver
 27399 | D:15     | Killed a tengu reaver
 28518 | D:15     | Found a staircase to the Depths.
 29160 | Orc:2    | Bought a ring of poison resistance for 360 gold pieces
 29982 | Lair:2   | Found a runed translucent door.
 29987 | Lair:2   | Noticed Lysca's ghost (journeyman DsCj)
 30300 | Spider:1 | Entered Level 1 of the Spider Nest
 30759 | Spider:2 | Noticed HilariousDeathArtist's ghost (adept DsBr)
 30761 | Spider:2 | Found a transporter.
 31112 | Spider:2 | Reached skill level 15 in Evocations
 31140 | Spider:2 | Reached XP level 17. HP: 62/139 MP: 20/20
 31287 | Spider:2 | You fall into a shaft and drop 1 floor!
 31323 | Spider:2 | Noticed Fowoyxt's ghost (adept TrFi)
 31585 | Shoals:1 | Entered Level 1 of the Shoals
 32743 | Shoals:2 | Noticed Ilsuiw
 32991 | Shoals:2 | Bought a runed scimitar for 196 gold pieces
 33156 | Shoals:2 | Killed Ilsuiw
 33402 | Shoals:2 | Noticed Polyphemus
 33570 | Shoals:2 | Noticed Mlioglotl
 33697 | Shoals:2 | Killed Polyphemus
 33984 | Shoals:2 | Killed Mlioglotl
 34437 | Shoals:3 | Reached skill level 15 in Fighting
 34707 | Shoals:3 | Noticed Mara
 34708 | Shoals:3 | Noticed ragingrage's illusion
 34895 | Shoals:3 | Found a runed translucent gate.
 34895 | Shoals:3 | Found a runed translucent gate.
 34896 | Shoals:3 | Found a runed translucent gate.
 34909 | Shoals:3 | Noticed Xaxul's ghost (journeyman FeEE)
 35271 | Shoals:4 | Entered Level 4 of the Shoals
 35605 | Shoals:3 | HP: 5/142 [water elemental[a merfolk aquamancer] (8)]
 36159 | Elf:1    | Entered Level 1 of the Elven Halls
 36303 | Orc:2    | Learned a level 4 spell: Vhi's Electric Charge
 36317 | Orc:2    | Reached XP level 18. HP: 126/149 MP: 21/21
 36685 | Orc:2    | Paralysed by an air elemental for 1 turns
 36690 | Orc:2    | Paralysed by an air elemental for 1 turns
 36839 | Elf:1    | Paralysed by an air elemental for 1 turns
 36857 | Elf:1    | Paralysed by an air elemental for 1 turns
 38904 | Shoals:3 | Noticed ragingrage's illusion
 39230 | Shoals:4 | Noticed ragingrage's illusion
 39560 | Shoals:4 | Reached skill level 10 in Dodging
 40248 | Shoals:4 | Identified the ring of Dukofiwe {Int+3 Dex+6 Stlth+}
 40335 | Shoals:4 | Got a barnacled rune of Zot
 40394 | Shoals:4 | Reached skill level 5 in Shields
 41042 | D:3      | Killed Sigmund
 41177 | D:3      | Noticed Ijyb
 41185 | D:3      | Killed Ijyb
 41380 | D:6      | Found a one-way gate to the infinite horrors of the Abyss.
 41559 | D:7      | Killed Crazy Yiuf
 43420 | Vaults:1 | Entered Level 1 of the Vaults
 43855 | Spider:1 | Reached skill level 15 in Long Blades
 44540 | Spider:2 | Found a transporter.
 44684 | Spider:2 | Reached XP level 19. HP: 141/159 MP: 22/22
 46786 | Spider:3 | Identified the +0 robe "Diergh" {^Drain rElec rF+ rC+}
 46813 | Spider:4 | Entered Level 4 of the Spider Nest
 50334 | Spider:4 | Got a gossamer rune of Zot
 50913 | Vaults:1 | Paralysed by a formless jellyfish for 1 turns
 51697 | Vaults:1 | Reached skill level 11 in Translocations
 51815 | Vaults:1 | Found a runed translucent gate.
 51815 | Vaults:1 | Found a runed translucent gate.
 51816 | Vaults:1 | Found a runed translucent gate.
 51845 | Vaults:1 | Found Ceucw's Armour Emporium.
 52560 | Vaults:1 | Reached XP level 20. HP: 91/170 MP: 24/24
 52662 | Vaults:1 | Identified the +0 helmet of Duck's Teeth {rElec Dex+4}
 53142 | Spider:2 | Acquired the +2 pair of gloves of Vehumet's Condemnation
                  | {Str+3}
 53639 | Vaults:2 | Found a flickering gateway to a bazaar.
 53677 | Bazaar   | Entered a bazaar
 53677 | Bazaar   | Found Sudo's Antique Armour Shop.
 53677 | Bazaar   | Found Rat Ebueboeg's Jewellery Shop.
 53684 | Bazaar   | Bought the amulet of Xom's Passing Interest {Regen+ Slay+5}
                  | for 522 gold pieces
 53717 | Bazaar   | Found Ziro's Antique Weapon Boutique.
 53717 | Bazaar   | Found Pokuwel's Distillery.
 53725 | Bazaar   | Bought a runed scimitar for 175 gold pieces
 53734 | Bazaar   | Bought 2 potions of curing for 60 gold pieces
 53734 | Bazaar   | Bought a potion of invisibility for 80 gold pieces
 53734 | Bazaar   | Bought a potion of mutation for 80 gold pieces
 53734 | Bazaar   | Bought a potion of heal wounds for 50 gold pieces
 53734 | Bazaar   | Bought a potion of mutation for 80 gold pieces
 53734 | Bazaar   | Bought a potion of might for 40 gold pieces
 53737 | Bazaar   | Found Ahoy's General Store.
 53770 | Bazaar   | Bought a +5 ring of evasion for 324 gold pieces
 54065 | Vaults:1 | Reached skill level 1 in Air Magic
 54562 | Vaults:1 | Found a glowing golden altar of the Shining One.
 54562 | Vaults:1 | Noticed Norris
 54569 | Vaults:1 | Killed Norris
 55691 | Vaults:2 | Reached skill level 12 in Translocations
 55804 | Vaults:3 | Noticed Saint Roka
 55819 | Vaults:3 | Killed Saint Roka
 55927 | Vaults:3 | Paralysed by a formless jellyfish for 1 turns
 56045 | Vaults:3 | Found a staircase to the Crypt.
 56460 | Vaults:3 | Reached skill level 5 in Air Magic
 56589 | Vaults:3 | Reached skill level 15 in Armour
 57162 | Vaults:3 | Found Somikas's Jewellery Shoppe.
 57176 | Vaults:3 | Reached XP level 21. HP: 169/177 MP: 25/25
 57306 | Vaults:4 | Paralysed by a formless jellyfish for 1 turns
 57964 | Elf:1    | Paralysed by an air elemental for 1 turns
 57979 | Elf:1    | Found a radiant altar of Vehumet.
 58216 | Elf:1    | Got the Incunabulum of Support
 58477 | Elf:1    | Found Fybetaock's Magic Scroll Shop.
 58480 | Elf:1    | Bought a scroll of fog for 60 gold pieces
 58480 | Elf:1    | Bought a scroll of blinking for 112 gold pieces
 58480 | Elf:1    | Bought a scroll of revelation for 112 gold pieces
 58547 | Elf:2    | Found a runed translucent gate.
 58547 | Elf:2    | Found a runed translucent gate.
 58548 | Elf:2    | Found a runed translucent gate.
 58787 | Elf:1    | Reached skill level 13 in Translocations
 59009 | Lair:2   | Killed Lysca's ghost
 59023 | Lair:2   | Learned a level 3 spell: Fugue of the Fallen
 59214 | Elf:3    | Entered Level 3 of the Elven Halls
 59249 | Elf:2    | Reached skill level 1 in Necromancy
 59271 | Elf:2    | Identified the +2 mace of the Unkillable {flame, Fly Str+4}
 59279 | Elf:2    | Identified the +7 mace "Fahorch" {speed, *Rage Int+4}
 59449 | Elf:2    | Identified the +2 steam dragon scales of Impressiveness
                  | {Fly rC- Regen+ Int+8}
 59634 | Elf:2    | Found Kighosiu's Distillery.
 59686 | Elf:2    | Bought a potion of berserk rage for 90 gold pieces
 59686 | Elf:2    | Bought 2 potions of curing for 108 gold pieces
 60252 | Elf:3    | Found Asuutwy's Book Shoppe.
 60514 | Elf:3    | Learned a level 7 spell: Manifold Assault
 60775 | Elf:2    | Noticed Nikola
 60796 | Elf:2    | Killed Nikola
 61253 | Elf:2    | Reached skill level 5 in Necromancy
 61914 | Elf:3    | Reached skill level 15 in Dodging
 62633 | Elf:3    | Identified the +1 leather armour of Somewhere Else {Rampage
                  | Will+}
 63369 | Abyss:2  | Cast into level 2 of the Abyss (a deep elf sorcerer)
 63389 | Elf:3    | Escaped the Abyss
 63906 | Elf:3    | Reached XP level 22. HP: 167/184 MP: 22/26
 63975 | Elf:3    | Identified the ring "Minipp" {rF+ rN+ Int+3 Dex+6 SInv}
 63984 | Elf:3    | Got the Atlas of Isometric Creation
 64068 | Elf:3    | Identified the +10 hand axe of Laihilug {freeze, *Rage
                  | rPois rF++ SInv}
 64097 | Elf:3    | Identified the +3 chain mail of Slovenliness {rPois rN+
                  | Will- Str+4}
 65001 | Vaults:2 | Found a runed translucent gate.
 65001 | Vaults:2 | Found a runed translucent gate.
 65001 | Vaults:2 | Found a runed translucent gate.
 65002 | Vaults:2 | Noticed Feshunla's ghost (adept KoEn)
 65002 | Vaults:2 | Noticed Qeunemit's ghost (adept GrFi)
 65003 | Vaults:2 | Noticed Xedevy's ghost (adept KoEn)
 65210 | Vaults:4 | Reached skill level 14 in Translocations
 65545 | Vaults:4 | Reached skill level 5 in Spellcasting
 65985 | Vaults:4 | Identified the +0 robe of the Wereyak {Str+2 Dex+3}
 66223 | Vaults:4 | Identified the dragon-blood talisman "Reumujog" {rF++ rC-
                  | Stlth+}
 66223 | Vaults:4 | Noticed Bai Suzhen
 66235 | Vaults:4 | Killed Bai Suzhen
 67222 | D:6      | Voluntarily entered the Abyss.
 67242 | Abyss:3  | Found a corrupted altar of Lugonu.
 67352 | D:6      | Escaped the Abyss
 67600 | Depths:1 | Entered Level 1 of the Depths
 67682 | Depths:1 | Found a one-way gateway to a ziggurat.
 67732 | Depths:1 | Found a gateway to Hell.
 67763 | Depths:1 | Reached skill level 15 in Translocations
 67845 | Depths:1 | You are sucked into a shaft and drop 1 floor!
 68339 | Depths:3 | Reached XP level 23. HP: 184/190 MP: 30/30
 68486 | Depths:3 | Found Gatiosm's Book Shop.
 68487 | Depths:3 | Found Nuala's Jewellery Emporium.
 68489 | Depths:3 | Found Yttuqi's Book Shop.
 68495 | Depths:3 | Bought a There-And-Back Book for 432 gold pieces
 68502 | Depths:3 | Learned a level 6 spell: Gell's Gavotte
 68509 | Depths:3 | Learned a level 6 spell: Dispersal
 68869 | Depths:3 | Bought a manual of Shields for 960 gold pieces
 70163 | Depths:1 | Reached skill level 10 in Shields
 70515 | Depths:1 | Identified the +2 spear "Potuweige" {freeze, rN++ Str-4}
 70590 | Depths:1 | Identified the +3 leather armour of Heurec {Regen+ Slay+2}
 70835 | Depths:4 | Entered Level 4 of the Depths
 71726 | Depths:4 | Found a gate to the Realm of Zot.
 71733 | Depths:4 | Found a one-way gate leading to the halls of Pandemonium.
 71908 | Depths:4 | Found a runed translucent door.
 71908 | Depths:4 | Noticed a dread lich
 71947 | Depths:4 | Reached XP level 24. HP: 192/197 MP: 30/30
 71956 | Depths:4 | Found a runed translucent door.
 72100 | Depths:4 | Noticed a caustic shrike
 72607 | Shoals:4 | Noticed ragingrage's illusion
 72610 | Shoals:4 | Noticed ragingrage's illusion
 72618 | Shoals:4 | Noticed ragingrage's illusion
 72636 | Shoals:4 | Killed Mara
 73868 | Depths:2 | Paralysed by an air elemental for 1 turns
 73948 | Depths:2 | Paralysed by an air elemental for 1 turns
 73977 | Depths:2 | Reached skill level 16 in Translocations
 74017 | Depths:2 | Reached skill level 15 in Shields
 74543 | Depths:2 | Got Maik Qav's Enchiridion on the Tincture and the Quake
 74579 | Depths:2 | Identified the +10 scimitar of Koafesma {venom, rElec}
 74616 | Depths:2 | Identified the +0 short sword "Nejejoxt" {heavy, rF++}
 74809 | Depths:4 | Killed a dread lich
 74841 | Depths:4 | Killed a caustic shrike
 75281 | Vaults:5 | Entered Level 5 of the Vaults
 75288 | Vaults:5 | Reached skill level 17 in Translocations
 75296 | Vaults:5 | Noticed an ancient lich
 75320 | Vaults:5 | Reached skill level 18 in Translocations
 75320 | Vaults:5 | Killed an ancient lich
 75321 | Vaults:5 | Reached XP level 25. HP: 178/204 MP: 9/30
 75453 | Vaults:5 | Reached skill level 19 in Translocations
 75867 | Vaults:5 | Reached skill level 20 in Translocations
 76682 | Vaults:5 | Got Sif Muna's Anthology of Position and Ozone
 76683 | Vaults:5 | Identified the amulet of Hepliaklqana's Pride {Reflect
                  | -Cast Rampage Regen+ MP-9 SH+5}
 76684 | Vaults:5 | Identified the +8 falchion of the Endless Expanse {heavy,
                  | rPois rF- Will+ Int+2}
 76688 | Vaults:5 | Identified the staff of World Downfall {rF+ MP+9 Dex+7
                  | Fire}
 76829 | Vaults:5 | Reached skill level 21 in Translocations
 77300 | Vaults:5 | Identified the +0 helmet of Pienec {rF+ Will+ Dex-3}
 77478 | Vaults:5 | Identified the +1 dagger of Uskayaw's Whim {drain, Will+
                  | Int+2}
 77480 | Vaults:5 | Got a silver rune of Zot
 77831 | Zot:1    | Entered Level 1 of the Realm of Zot
 79096 | Zot:1    | Gained mutation: You are frail. (-10% HP) [mutagenic glow]
 79106 | Zot:1    | Lost mutation: You are frail. (-10% HP) [potion of
                  | mutation]
 79106 | Zot:1    | Lost mutation: You are dopey. (Int -2) [potion of mutation]
 79106 | Zot:1    | Gained mutation: Your body sometimes deteriorates upon
                  | taking damage. [potion of mutation]
 79106 | Zot:1    | Gained mutation: You expend magic power (3 MP) to
                  | strengthen your wands. [potion of mutation]
 79632 | Zot:2    | Reached skill level 22 in Translocations
 79782 | Zot:2    | Noticed a Killer Klown
 79798 | Zot:2    | Killed a Killer Klown
 79857 | Zot:2    | Noticed a Killer Klown
 79873 | Zot:2    | Reached XP level 26. HP: 75/211 MP: 30/30
 79897 | Zot:2    | Killed a Killer Klown
 80107 | Zot:2    | Found a shimmering altar of Xom.
 80107 | Zot:2    | Found a shimmering altar of Xom.
 80107 | Zot:2    | Found a shimmering altar of Xom.
 80107 | Zot:2    | Found a shimmering altar of Xom.
 80107 | Zot:2    | Found a shimmering altar of Xom.
 80107 | Zot:2    | Found a glowing silver altar of Zin.
 80107 | Zot:2    | Noticed a Killer Klown
 80113 | Zot:2    | Killed a Killer Klown
 81090 | Zot:2    | Identified the +2 sling of Superiority {heavy, +Blink
                  | Str+4}
 81454 | Zot:3    | Reached skill level 23 in Translocations
 82258 | Zot:3    | You are sucked into a shaft and drop 1 floor!
 82589 | Zot:4    | Found a transporter.
 82819 | Zot:4    | Found a transporter.
 82915 | Zot:4    | Found a transporter.
 83246 | Zot:4    | Identified the +1 helmet "Xuckuck" {Dex+3}
 83539 | Zot:4    | Found a transporter.
 83639 | Zot:5    | Entered Level 5 of the Realm of Zot
 84185 | Zot:5    | Reached skill level 24 in Translocations
 84425 | Zot:5    | Found the +4 dragonskin cloak {Aegis}
 84425 | Zot:5    | Noticed Tiamat
 84432 | Zot:5    | Reached XP level 27. HP: 221/221 MP: 26/30
 84446 | Zot:5    | Killed Tiamat
 84519 | Zot:5    | Identified the +0 ring mail of the Gloaming {rF++ Regen+
                  | Dex-5 Stlth+}
 84704 | Zot:5    | Noticed an ancient lich
 84710 | Zot:5    | Killed an ancient lich
 85019 | Zot:5    | Noticed an orb of fire
 85027 | Zot:5    | Lost mutation: Your spells are a little harder to cast, but
                  | a little more powerful. [an orb of fire]
 85030 | Zot:5    | Noticed an orb of fire
 85031 | Zot:5    | Noticed a dread lich
 85035 | Zot:5    | Gained mutation: You are dopey. (Int -2) [an orb of fire]
 85036 | Zot:5    | Killed an orb of fire
 85037 | Zot:5    | Noticed a dread lich
 85039 | Zot:5    | Noticed an orb of fire
 85042 | Zot:5    | Killed an orb of fire
 85042 | Zot:5    | Paralysed by a dread lich for 5 turns
 85043 | Zot:5    | Noticed an ancient lich
 85046 | Zot:5    | Noticed a dread lich
 85047 | Zot:5    | Noticed a dread lich
 85048 | Zot:5    | Noticed an orb of fire
 85048 | Zot:5    | Killed a dread lich
 85048 | Zot:5    | Killed a dread lich
 85049 | Zot:5    | Killed a dread lich
 85049 | Zot:5    | Killed an orb of fire
 85054 | Zot:5    | Gained mutation: Armour fits poorly on your strangely
                  | shaped body. [an orb of fire]
 85056 | Zot:5    | Gained mutation: You are very dopey. (Int -4) [an orb of
                  | fire]
 85057 | Zot:5    | Killed an orb of fire
 85059 | Zot:5    | Killed a dread lich
 85071 | Zot:5    | Killed an ancient lich
 85219 | Zot:5    | Reached skill level 25 in Translocations
 85224 | Zot:5    | Noticed an ancient lich
 85230 | Zot:5    | Killed an ancient lich
 85239 | Zot:5    | Noticed an orb of fire
 85245 | Zot:5    | Gained mutation: Your magical capacity is low. (-10% MP)
                  | [an orb of fire]
 85264 | Zot:5    | Gained mutation: You occasionally lose the ability to read
                  | scrolls when taking damage. [an orb of fire]
 85265 | Zot:5    | Killed an orb of fire
 85276 | Zot:5    | Lost mutation: You are very dopey. (Int -4) [potion of
                  | mutation]
 85276 | Zot:5    | Lost mutation: Your magical capacity is low. (-10% MP)
                  | [potion of mutation]
 85276 | Zot:5    | Gained mutation: You have a beak for a mouth. [potion of
                  | mutation]
 85276 | Zot:5    | Gained mutation: You are covered in thick fur. (AC +2)
                  | [potion of mutation]
 85276 | Zot:5    | Gained mutation: You are strong-willed. (Will+) [potion of
                  | mutation]
 85277 | Zot:5    | Lost mutation: Armour fits poorly on your strangely shaped
                  | body. [potion of mutation]
 85277 | Zot:5    | Lost mutation: You expend magic power (3 MP) to strengthen
                  | your wands. [potion of mutation]
 85277 | Zot:5    | Lost mutation: You are covered in thick fur. (AC +2)
                  | [potion of mutation]
 85277 | Zot:5    | Gained mutation: You are clumsy. (Dex -2) [potion of
                  | mutation]
 85277 | Zot:5    | Gained mutation: You are highly strong-willed. (Will++)
                  | [potion of mutation]
 85277 | Zot:5    | Gained mutation: You are vulnerable to heat. (rF-) [potion
                  | of mutation]
 85278 | Zot:5    | Lost mutation: Your body sometimes deteriorates upon taking
                  | damage. [potion of mutation]
 85278 | Zot:5    | Lost mutation: You have a beak for a mouth. [potion of
                  | mutation]
 85278 | Zot:5    | Lost mutation: You are highly strong-willed. (Will++)
                  | [potion of mutation]
 85278 | Zot:5    | Gained mutation: You are very clumsy. (Dex -4) [potion of
                  | mutation]
 85278 | Zot:5    | Lost mutation: You are very clumsy. (Dex -4) [potion of
                  | mutation]
 85278 | Zot:5    | Lost mutation: You are dopey. (Int -2) [potion of mutation]
 85279 | Zot:5    | Lost mutation: You are strong-willed. (Will+) [potion of
                  | mutation]
 85279 | Zot:5    | Lost mutation: You occasionally lose the ability to read
                  | scrolls when taking damage. [potion of mutation]
 85279 | Zot:5    | Gained mutation: You possess an exceptional clarity of
                  | mind. [potion of mutation]
 85279 | Zot:5    | Gained mutation: You expend magic power (3 MP) to
                  | strengthen your wands. [potion of mutation]
 85280 | Zot:5    | Lost mutation: You expend magic power (3 MP) to strengthen
                  | your wands. [potion of mutation]
 85280 | Zot:5    | Lost mutation: You are covered in fur. (AC +1) [potion of
                  | mutation]
 85280 | Zot:5    | Lost mutation: You possess an exceptional clarity of mind.
                  | [potion of mutation]
 85280 | Zot:5    | Gained mutation: You are occasionally teleported next to
                  | monsters. [potion of mutation]
 85280 | Zot:5    | Gained mutation: Your movements are slightly less
                  | encumbered by armour. (ER -2) [potion of mutation]
 85280 | Zot:5    | Gained mutation: Your system is resistant to poisons.
                  | (rPois) [potion of mutation]
 85281 | Zot:5    | Lost mutation: Your movements are slightly less encumbered
                  | by armour. (ER -2) [potion of mutation]
 85281 | Zot:5    | Lost mutation: You are vulnerable to heat. (rF-) [potion of
                  | mutation]
 85281 | Zot:5    | Gained mutation: You sometimes lose your temper in combat.
                  | [potion of mutation]
 85281 | Zot:5    | Gained mutation: You have a pair of small horns on your
                  | head. [potion of mutation]
 85281 | Zot:5    | Gained mutation: Your health recovers twice as slowly from
                  | being drained. [potion of mutation]
 85281 | Zot:5    | Gained mutation: You passively map a small area around you.
                  | [potion of mutation]
 85282 | Zot:5    | Lost mutation: You have a pair of small horns on your head.
                  | [potion of mutation]
 85282 | Zot:5    | Lost mutation: Your system is resistant to poisons. (rPois)
                  | [potion of mutation]
 85282 | Zot:5    | Lost mutation: You are occasionally teleported next to
                  | monsters. [potion of mutation]
 85282 | Zot:5    | Gained mutation: You are frail. (-10% HP) [potion of
                  | mutation]
 85282 | Zot:5    | Gained mutation: You occasionally lose the ability to read
                  | scrolls when taking damage. [potion of mutation]
 85282 | Zot:5    | Gained mutation: You are partially covered in iridescent
                  | scales. (AC +2) [potion of mutation]
 85283 | Zot:5    | Lost mutation: You are partially covered in iridescent
                  | scales. (AC +2) [potion of mutation]
 85283 | Zot:5    | Lost mutation: You are clumsy. (Dex -2) [potion of
                  | mutation]
 85283 | Zot:5    | Lost mutation: You sometimes lose your temper in combat.
                  | [potion of mutation]
 85283 | Zot:5    | Gained mutation: You do not regenerate when monsters are
                  | visible. [potion of mutation]
 85283 | Zot:5    | Gained mutation: You are partially covered in iridescent
                  | scales. (AC +2) [potion of mutation]
 85283 | Zot:5    | Lost mutation: You are partially covered in iridescent
                  | scales. (AC +2) [potion of mutation]
 85283 | Zot:5    | Gained mutation: You have sharp toenails. [potion of
                  | mutation]
 85284 | Zot:5    | Lost mutation: Your health recovers twice as slowly from
                  | being drained. [potion of mutation]
 85284 | Zot:5    | Lost mutation: You have sharp toenails. [potion of
                  | mutation]
 85284 | Zot:5    | Gained mutation: Your body sometimes deteriorates upon
                  | taking damage. [potion of mutation]
 85284 | Zot:5    | Lost mutation: You are frail. (-10% HP) [potion of
                  | mutation]
 85285 | Zot:5    | Lost mutation: Your body sometimes deteriorates upon taking
                  | damage. [potion of mutation]
 85285 | Zot:5    | Lost mutation: You occasionally lose the ability to read
                  | scrolls when taking damage. [potion of mutation]
 85285 | Zot:5    | Gained mutation: Your body sometimes deteriorates upon
                  | taking damage. [potion of mutation]
 85285 | Zot:5    | Gained mutation: Your mind is acute. (Int +4, Str/Dex -1)
                  | [potion of mutation]
 85285 | Zot:5    | Gained mutation: Your muscles are strong. (Str +4, Int/Dex
                  | -1) [potion of mutation]
 85286 | Zot:5    | Lost mutation: Your muscles are strong. (Str +4, Int/Dex
                  | -1) [potion of mutation]
 85286 | Zot:5    | Lost mutation: You do not regenerate when monsters are
                  | visible. [potion of mutation]
 85286 | Zot:5    | Lost mutation: You passively map a small area around you.
                  | [potion of mutation]
 85286 | Zot:5    | Gained mutation: You have sharp fingernails. [potion of
                  | mutation]
 85286 | Zot:5    | Gained mutation: Your movements are slightly less
                  | encumbered by armour. (ER -2) [potion of mutation]
 85761 | Hell     | Entered the Vestibule of Hell
 85763 | Hell     | Noticed Geryon
 85894 | Hell     | Reached skill level 26 in Translocations
 86846 | Hell     | Reached skill level 27 in Translocations
 87134 | Zot:5    | Got the Orb of Zot
 87193 | Zot:5    | Noticed Pedaov the pandemonium lord
 87193 | Zot:5    | Noticed an ancient lich
 87232 | Zot:3    | Noticed Axkiov the pandemonium lord
 87296 | Zot:1    | Noticed Fidimosu the pandemonium lord
 87316 | Zot:1    | Killed Fidimosu the pandemonium lord
 87584 | D:14     | Noticed an ancient lich
 87584 | D:14     | Noticed Quklomn the pandemonium lord
 87596 | D:14     | Killed an ancient lich
 87597 | D:14     | Killed Quklomn the pandemonium lord
 87648 | D:13     | Noticed Plog the pandemonium lord
 88005 | D:$      | Escaped with the Orb!

Illustrated notes

Levels and vault maps discovered:
D:1:      spicycebolla_green_bress_n_ham, layout_basic, serial_park_tiny_pond,
          minmay_misc_feat_cross
D:2:      layout_basic, minmay_hexomino_u4
D:3:      kennysheep_goblin_castle, layout_basic, grunt_temple_overflow_open,
          uniq_sigmund
D:4:      layout_basic
D:5:      layout_rooms, dk_noncrumbling_3, chequers_arboretum,
          grunt_ministairs_2, kennysheep_small_square
D:6:      due_chaos_kobolds, layout_rooms, minmay_temple_entry_sparse_star
D:7:      layout_basic, mainiacjoe_overflow_24_doors, minmay_misc_feat_enclosed,
          sword_in_stone, uniq_crazy_yiuf_cottage
D:8:      layout_basic, minmay_misc_feat_plants
D:9:      gammafunk_indiana_jones, layout_loops_ring, david_lair_generic,
          serial_glass, glass_columns_b, glass_columns_a, uniq_erolcha
D:10:     layout_cave_pools, vehumet_statue, mainiacjoe_overflow_cross_hatched,
          chequers_temple_overflow_statue_of_worship
D:11:     layout_rooms
D:12:     layout_loops_ring, orc_0_dummy, uniq_fannar
D:13:     layout_basic, david_vaults_2, uniq_frances, uniq_lodul
D:14:     layout_roguey, bloody_trog, drop_trap, nicolae_sif_muna_condensation
D:15:     hellmonk_depths_entry_around_the_bend, layout_stronghold,
          chequers_serial_rivers_large_b
Lair:1:   beast_lair_carwin_large_2, layout_gridlike, special_room
          [special_room_bee], serial_bayou_shore_b
Lair:2:   nzn_winding_woodlands_stair_cross
          [nzn_winding_woodlands_5x15_lazy_stream,
          nzn_winding_woodlands_center_pierced_h,
          nzn_winding_woodlands_5x15_cabin, nzn_winding_woodlands_5x5_perimeter,
          nzn_winding_woodlands_5x5_cross,
          nzn_winding_woodlands_5x15_river_crossing,
          nzn_winding_woodlands_center_garden,
          nzn_winding_woodlands_5x15_split_checker], layout_chaotic_city,
          shoals_dummy_entry, nicolae_spider_entry_non_spiders,
          ebering_ghost_reflecting_pool, gauntlet_entry_generic
Lair:3:   layout_regular_city, minmay_shattered_shrine, uniq_nergalle
Lair:4:   layout_layer_cave, nicolae_slime_entry_slimehenge
Lair:5:   hangedman_lair_in_review, layout_regular_city, serial_bayou_shore_b,
          infiniplex_staircase_pool, lemuel_fruit_tree, lemuel_fruit_fields
Shoals:1: layout_shoals
Shoals:2: layout_shoals, nicolae_shoals_hunting_party, uniq_mlioglotl,
          uniq_polyphemus, uniq_ilsuiw
Shoals:3: layout_shoals, gammafunk_ghost_necromancy, uniq_mara
Shoals:4: shoals_end_simple, layout_shoals, nicolae_shoals_aquamancer_cove
Spider:1: layout_spider_delve
Spider:2: layout_spider_delve, nzn_ghost_randoct
Spider:3: layout_spider_delve, hellmonk_motheaten_closet
Spider:4: spider_rune_water
Orc:1:    layout_diamond_mine, uniq_josephine
Orc:2:    grunt_orc_tribal_feast, layout_caves, nicolae_shop_vocational,
          uniq_snorg
Elf:1:    layout_rooms, serial_shops, nicolae_shop_rolled_up, basic_altar,
          minmay_elf_demonology, nicolae_elf_w_pinch, minmay_misc_feat_rows
Elf:2:    elven_hall_of_blades_hangedman_original [mumra_blade_entry_bloodbath],
          layout_loops_cross, serial_shops, nicolae_shop_tiny_real_fake_doors,
          uniq_nikola
Elf:3:    minmay_elf_hall, layout_loops_ring, serial_shops, nicolae_shop_trees,
          minmay_misc_feat_five
Vaults:1: mu_enter_wizlab_5, hangedman_vaults_maws,
          abrahamwl_protected_by_tso_3, nicolae_vaults_taking_the_gang_shopping,
          vaults_mumra_hex, grunt_vaults_funnel, nicolae_vaults_little_ls,
          nicolae_vaults_diamond_2, vaults_dpeg_ring, v_misc_19,
          nicolae_vaults_network_s, nicolae_vaults_apartment_2,
          nicolae_vaults_ninety_degrees, layout_vaults_maze, uniq_norris
Vaults:2: gammafunk_ghost_cemetery, vaults_mumra_chevron,
          nicolae_vaults_closet_pinwheel_1, nicolae_vaults_steering_wheel,
          nicolae_vaults_closet_pinwheel_1, nicolae_vaults_ellipses_ellipsis,
          ontoclasm_vaults_fault, nicolae_vaults_tetromino_Z_2,
          vaults_dpeg_emergency_exit, vaults_dpeg_cross, v_misc_10, v_misc_19,
          layout_vaults_omnibox, serial_shops, bzr_entry_islet
Vaults:3: minmay_crypt_entry_vampire_xt, nicolae_vaults_hallways_thing,
          nicolae_vaults_surprise_closet, ontoclasm_vaults_spin, v_misc_8,
          nicolae_vaults_surprise_closet, nicolae_vaults_little_squares_4,
          nicolae_vaults_heart-shaped_vault, nicolae_vaults_octothorpe,
          nicolae_vaults_trapezoid_layered, vaults_room_corners, v_misc_26,
          layout_vaults_omnicross, serial_shops, shop, uniq_saint_roka
Vaults:4: nicolae_vaults_network_star, nicolae_vaults_murderbox,
          vaults_standard_mumra_lines, nicolae_vaults_network_periphery,
          nicolae_vaults_diamond_2, v_misc_17, v_pattern_3, v_misc_13,
          nicolae_vaults_tetromino_L_1, vaults_room_ringed_pool,
          nicolae_vaults_offset_grid_hallway_3, nicolae_vaults_wrenched,
          grunt_vaults_hallway_short, nicolae_vaults_offset_grid_hallway_4,
          nicolae_vaults_trapezoid_1, nicolae_vaults_little_squares_1,
          layout_vaults_ring, uniq_bai_suzhen
Vaults:5
Depths:1: layout_roguey [special_room_mythical_zoo], enter_ziggurat_e,
          abyss_entry_small_statue_room, minmay_misc_feat_nine_boxes,
          hell_entry, minmay_fractal_squares_gapless_7, grunt_megastairs_4
Depths:2: radiant_caverns_b_rkd, hell_entry, abyss_entry, pan_entry
Depths:3: wad_cavern_with_rooms, layout_honeycomb, hangedman_coc_ice_floe,
          nicolae_abyss_entry_one_way_or_another, solitary_fountain,
          minmay_shop_grove
Depths:4: evilmike_zot_entry_argh, layout_cave_pools, pan_entry, moated_statue,
          hell_entry, lightli_gold_pyramid
Hell
Zot:1:    layout_onion, regret_index_zotdec_barnacled_alternative
Zot:2:    dreamdust_zin_vs_xom, layout_cathedral_of_symmetry
Zot:3:    layout_onion, regret_index_zotdec_onion_hex
Zot:4:    layout_cathedral_of_symmetry, nicolae_diode_intersection
Zot:5:    layout_onion, uniq_tiamat

Skill      XL: |  1  2  3  4  5  6  7  8  9 10 11 12 13 14 15 16 17 18 19 20 21 22 23 24 25 26 27 |
---------------+----------------------------------------------------------------------------------+-----
Stealth        | 1 2 3 |  3.0
Long Blades    | 3 4 5 6 8 9 11 12 13 14 15 | 15.2
Short Blades   | 3 6 7 8 |  8.2
Evocations     | 2 4 6 10 11 15 16 18 | 18.6
Fighting       | 4 6 7 10 12 14 15 16 18 19 20 | 20.5
Dodging        | 4 5 8 10 13 15 17 18 19 20 | 20.0
Armour         | 3 8 11 12 14 15 | 15.8
Translocations | 4 7 10 11 12 13 15 18 22 24 27 | 27.0
Throwing       | 4 6 |  6.0
Shields        | 1 3 6 7 8 13 16 | 16.0
Spellcasting   | 3 5 |  5.0
Air Magic      | 5 6 |  6.0
Necromancy     | 7 8 |  8.0

Action                     |  1- 3 |  4- 6 |  7- 9 | 10-12 | 13-15 | 16-18 | 19-21 | 22-24 | 25-27 || total
---------------------------+-------+-------+-------+-------+-------+-------+-------+-------+-------++-------
  Melee: Falchion          |   127 |    99 |       |       |       |       |       |       |       ||   226
         Long sword        |       |    16 |    65 |    21 |       |       |       |       |       ||   102
         Dagger            |       |    46 |   449 |   796 |       |    48 |       |       |       ||  1339
         Scimitar          |       |       |       |   469 |  1685 |  2332 |   819 |       |       ||  5305
         Eudemon blade     |       |       |       |       |       |       |  1000 |  1250 |   163 ||  2413
         Double sword      |       |       |       |       |       |       |       |   230 |  1419 ||  1649
  Throw: Dart              |     1 |     4 |     5 |    18 |   159 |    53 |    50 |     1 |     1 ||   292
         Throwing net      |       |       |       |     1 |       |       |       |       |     1 ||     2
   Cast: Maxwell's Portabl |       |       |       |       |       |       |     3 |     3 |       ||     6
         Fugue of the Fall |       |       |       |       |       |       |     1 |    10 |     5 ||    16
         Gell's Gavotte    |       |       |       |       |       |       |       |    10 |       ||    10
         Manifold Assault  |       |       |       |       |       |       |       |     6 |   194 ||   200
         Vhi's Electric Ch |       |       |       |       |       |       |       |     3 |     7 ||    10
         Blink             |       |       |       |       |       |       |       |     1 |       ||     1
 Invoke: Potion Petition   |       |       |       |     1 |     1 |     6 |     2 |     1 |     3 ||    14
         Call Merchant     |       |       |       |       |       |     1 |       |       |       ||     1
  Evoke: Wand              |       |       |     3 |     5 |    14 |    18 |     8 |     1 |     3 ||    52
         Tin of tremorston |       |       |       |     2 |     3 |     6 |     6 |     5 |       ||    22
         Lightning rod     |       |       |       |       |     9 |     9 |     7 |       |       ||    25
         Phantom mirror    |       |       |       |       |       |     1 |     4 |       |     1 ||     6
         Sack of spiders   |       |       |       |       |       |     1 |     4 |     1 |     1 ||     7
    Use: Scroll            |       |     1 |     7 |     7 |     9 |    17 |    15 |     4 |     7 ||    67
         Potion            |       |     1 |       |     5 |     2 |     5 |     2 |     1 |    17 ||    33
   Stab: Sleeping          |     4 |     2 |       |       |       |       |     2 |    15 |     6 ||    29
         Distracted        |       |       |     2 |     7 |     8 |     9 |     9 |    28 |    25 ||    88
         Invisible         |       |       |     1 |       |     7 |       |       |       |       ||     8
         Held in net/web   |       |       |       |     2 |       |       |     3 |       |     1 ||     6
         Petrifying        |       |       |       |       |     1 |       |       |       |       ||     1
         Paralysed         |       |       |       |       |     3 |     6 |       |       |       ||     9
 Armour: Leather armour    |    95 |    63 |       |       |       |       |       |       |       ||   158
         Chain mail        |       |    77 |   295 |   886 |  1645 |  2674 |   879 |       |       ||  6456
         Scale mail        |       |       |       |       |       |       |   425 |       |       ||   425
         Steam dragon scal |       |       |       |       |       |       |   134 |   437 |   292 ||   863
  Dodge: Dodged            |    70 |    73 |   107 |   418 |   553 |   936 |  1062 |  1286 |   620 ||  5125
  Block: Buckler           |       |       |       |       |    24 |   624 |   583 |   236 |       ||  1467
         Kite shield       |       |       |       |       |       |       |       |   610 |   700 ||  1310
         Form:             |       |     2 |       |       |       |       |       |       |       ||     2
         Beast             |       |     1 |       |       |       |       |       |       |       ||     1
         Flux              |       |     1 |       |       |       |       |       |       |       ||     1

Table legend: (Time is in decaauts)
 A = Elapsed time spent in this place.
 B = Non-inter-level travel time spent in this place.
 C = Inter-level travel time spent in this place.
 D = Time resting spent in this place.
 E = Time spent auto-exploring this place.
 F = Levels seen in this place.
 G = Mean time per level.
                   A        B        C        D        E       F      G
               +--------+--------+--------+--------+--------+-----+--------+
         Total |  85667 |  74245 |  11422 |  16685 |  37265 |  52 | 1647.4 |
       Dungeon |  21269 |  16679 |   4590 |   2672 |   9913 |  15 | 1417.9 |
          Lair |  10856 |   9212 |   1644 |   1304 |   4903 |   5 | 2171.2 |
        Shoals |   8231 |   7126 |   1105 |   1857 |   2830 |   4 | 2057.8 |
   Spider Nest |   8220 |   7547 |    673 |   3138 |   1959 |   4 | 2055.0 |
  Orcish Mines |   5003 |   4330 |    673 |   1736 |   1100 |   2 | 2501.5 |
   Elven Halls |   5978 |   5717 |    261 |   2096 |   2182 |   3 | 1992.7 |
        Vaults |  10249 |   9323 |    926 |   1663 |   5368 |   5 | 2049.8 |
        Depths |   7730 |   6753 |    977 |   1490 |   3665 |   4 | 1932.5 |
          Hell |     49 |     49 |      0 |      0 |      0 |   1 |   49.0 |
           Zot |   7835 |   7267 |    568 |    725 |   5289 |   5 | 1567.0 |
         Abyss |    142 |    142 |      0 |      0 |      0 |   3 |   47.3 |
        Bazaar |    100 |    100 |      0 |      0 |     54 |   1 |  100.0 |
               +--------+--------+--------+--------+--------+-----+--------+

Top non-repeatable levels by time:
   Orc:2: 4213 daAuts
   Elf:3: 3357 daAuts
Spider:4: 3102 daAuts
Depths:3: 3071 daAuts
Spider:2: 2949 daAuts
Vaults:1: 2900 daAuts
    D:13: 2542 daAuts
  Lair:5: 2441 daAuts
  Lair:2: 2316 daAuts
Vaults:4: 2309 daAuts
Shoals:4: 2267 daAuts
  Lair:1: 2261 daAuts
Shoals:2: 2126 daAuts
Shoals:3: 2062 daAuts
  Lair:4: 1994 daAuts
